 Dungeon Crawl Stone Soup version 0.25-b1-37-g2669288c55 (webtiles) character file.

Game seed: 10529208195122892213

28 nightchill the Chiller (level 3, 0/28 HPs)
             Began as a Ghoul Ice Elementalist on June 4, 2020.
             Slain by a centaur skeleton (7 damage)
             ... on level 2 of the Dungeon.
             The game lasted 00:04:52 (1146 turns).

nightchill the Chiller (Ghoul Ice Elementalist)     Turns: 1146, Time: 00:04:53

Health: 0/28       AC:  5    Str: 12    XL:     3   Next: 14%
Magic:  5/5        EV: 10    Int: 10    God:
Gold:   50         SH:  0    Dex:  9    Spells: 2/6 levels left

rFire    . . .     SeeInvis .   a - +0 hand axe (vorpal)
rCold    + . .     Gourm    .   (no shield)
rNeg     + + +     Faith    .   e - +0 ring mail (curse)
rPois    ∞         Spirit   .   (no helmet)
rElec    .         Reflect  .   (no cloak)
rCorr    .         Harm     .   (no gloves)
MR       .....                  (no boots)
Stlth    +.........             l - amulet of regeneration
HPRegen  0.00/turn              (no ring)
MPRegen  0.09/turn              (no ring)

@: rotting
A: rotting body, claws 1, carnivore, cold resistance 1, negative energy
resistance 3, inhibited regeneration, torment resistance, unbreathing
a: no special abilities


You were on level 2 of the Dungeon.
You were not hungry.

You visited 1 branch of the dungeon, and saw 2 of its levels.

You collected 50 gold pieces.

Inventory:

Hand Weapons
 a - a +0 vorpal hand axe (weapon)
 b - a +0 dagger
 m - a +0 hand axe
Missiles
 d - 15 stones (quivered)
Armour
 e - a cursed +0 ring mail (worn)
 j - a +0 robe
Jewellery
 l - an amulet of regeneration (around neck)
Scrolls
 f - 3 scrolls of teleportation {unknown}
 h - 2 scrolls of remove curse {unknown}
 k - 2 scrolls of identify {unknown}
Potions
 g - 3 potions of invisibility {unknown}
 n - 3 potions of magic {unknown}
Comestibles
 c - 4 rations


   Skills:
 + Level 1.1 Fighting
 * Level 0.5 Axes
 + Level 2.0 Dodging
 - Level 2.1 Stealth
 + Level 2.1 Spellcasting
 + Level 4.7 Ice Magic


You had 2 spell levels left.
You knew the following spells:

 Your Spells              Type           Power        Failure   Level  Hunger
a - Freeze                Ice            ##..         10%         1    ##.....
b - Frozen Ramparts       Ice            ##....       30%         3    ####...

Your spell library contained the following spells:

 Spells                   Type           Power        Failure   Level  Hunger
 Ozocubu's Armour         Chrm/Ice       #.......     63%         3    ####...
 Hailstorm                Conj/Ice       #.......     95%         4    #####..
 Summon Ice Beast         Ice/Summ       #.......     95%         4    #####..


Dungeon Overview and Level Annotations

Branches:
Dungeon (2/15)

Altars:


Innate Abilities, Weirdness & Mutations

Your body is rotting away.
You thrive on raw meat.
You are immune to poison.
You have sharp fingernails.
You are carnivorous and can eat meat at any time.
Your flesh is cold resistant. (rC+)
You are immune to negative energy. (rN+++)
You do not regenerate when monsters are visible.
You are immune to unholy pain and torment.
You can survive without breathing.


Message History

The bat hits you but does no damage. The centaur skeleton barely misses you.
The centaur skeleton hits you. The centaur skeleton hits you.
The bat hits you but does no damage. The bat closely misses you.
The bat hits you but does no damage. The bat barely misses you.
You completely miss the centaur skeleton.
The centaur skeleton is moderately damaged.
The centaur skeleton hits you.
You hit the centaur skeleton.
The centaur skeleton is severely damaged.
The centaur skeleton hits you. The centaur skeleton barely misses you.
You hit the centaur skeleton.
The centaur skeleton is severely damaged.
The centaur skeleton hits you.
* * * LOW HITPOINT WARNING * * *
You hit the centaur skeleton.
The centaur skeleton is almost destroyed.
The centaur skeleton barely misses you. The centaur skeleton hits you!
You die...

.......##...# #...#
.......##...###.#.# ## ##
.......##.......#.##.#..##
.............####.#......##
...........#.#..#..<......#
.............#.....###...#.
.......###.#....##.# ##
######## ###b###...# #.#
#@### #######.###Z#
...........b# ........?.###
..........# ######......
#....... #........#
#........#


You could see a bat and a centaur skeleton.

Vanquished Creatures
  A dart slug (D:1)
  2 leopard geckos (D:1)
  2 ball pythons (D:1)
  2 bats (D:1)
  A giant cockroach (D:1)
  2 goblins (D:1)
  2 hobgoblins (D:1)
  2 frilled lizards
  5 kobolds (D:1)
  6 rats (D:1)
25 creatures vanquished.

Notes
Turn   | Place    | Note
-------+----------+-------------------------------------------
     0 | D:1      | nightchill the Ghoul Ice Elementalist began the quest for
                  | the Orb.
     0 | D:1      | Reached XP level 1. HP: 14/14 MP: 2/2
   213 | D:1      | Reached XP level 2. HP: 18/22 MP: 0/3
   649 | D:1      | Reached skill level 1 in Fighting
   695 | D:1      | Reached XP level 3. HP: 28/28 MP: 2/5
  1074 | D:1      | Learned a level 3 spell: Frozen Ramparts
  1146 | D:2      | Slain by a centaur skeleton

Illustrated notes

Levels and vault maps discovered:
D:1:      tarquinn_simple_flora_water_f, layout_loops_ring, minmay_crystal_water
D:2:      layout_basic, old_standard_altar, uniq_terence,
          uniq_crazy_yiuf_cottage

Skill      XL: |  1  2 |
---------------+-------+-----
Dodging        | 2 |  2.0
Spellcasting   | 2 |  2.1
Fighting       | 1 |  1.1
Axes           | |  0.5
Stealth        | |  2.1
Ice Magic      | |  4.7

Action                   || total
-------------------------++-------
Melee: Dagger            ||    17
       Hand axe          ||    51
 Cast: Freeze            ||    15
  Eat: Chunk             ||     6
Armor: Ring mail         ||    38
Dodge: Dodged            ||    55
